 Dungeon Crawl Stone Soup version 0.26.0-16-gc1dbca0489 (webtiles) character file.

Game seed: 9099487278603902857

60 kreisler the Vexing (level 4, -1/25 HPs)
             Began as a Kobold Arcane Marksman on Jan 18, 2021.
             Slain by a goblin
             ... wielding a cursed -2 club
             ... led by Robin
              (4 damage)
             ... on level 2 of the Dungeon.
             The game lasted 00:08:10 (1136 turns).

kreisler the Vexing (Kobold Arcane Marksman)        Turns: 1136, Time: 00:08:11

Health: -1/25      AC:  3    Str:  8    XL:     4   Next: 24%
Magic:  5/5        EV: 16    Int: 14    God:
Gold:   63         SH:  0    Dex: 21    Spells: 4/5 levels left

rFire    x . .     SeeInvis .   i - +1 dagger (flame)
rCold    + . .     Faith    .   (shield restricted)
rNeg     . . .     Spirit   .   e - +1 robe
rPois    .         Reflect  .   (no helmet)
rElec    .         Harm     .   (no cloak)
rCorr    .         Rampage  .   (no gloves)
Will     .....                  (no boots)
Stlth    +++.......             (no amulet)
HPRegen  0.08/turn              h - ring of ice
MPRegen  0.09/turn              b - +6 ring of dexterity

@: no status effects
A: small, nightstalker 3
a: no special abilities


You were on level 2 of the Dungeon.
You visited 1 branch of the dungeon, and saw 2 of its levels.

You collected 63 gold pieces.

Inventory:

Hand Weapons
 a - a +0 shortbow
 i - a +1 dagger of flaming (weapon)
Armour
 e - a +1 robe (worn)
Jewellery
 b - a +6 ring of dexterity (right hand)
 h - a ring of ice (left hand)
Scrolls
 f - a scroll of remove curse
 g - a scroll of teleportation {unknown}


   Skills:
 + Level 1.1 Fighting
 + Level 3.1 Bows
 + Level 3.1 Dodging
 + Level 1.2 Spellcasting
 + Level 3.6 Hexes


You had 4 spell levels left.
You knew the following spells:

 Your Spells              Type           Power        Failure   Level
a - Corona                Hex            12%          6%          1

Your spell library contained the following spells:

 Spells                   Type           Power        Failure   Level
 Slow                     Hex            11%          9%          2
 Inner Flame              Hex/Fire       5%           36%         3
 Portal Projectile        Hex/Tloc       10%          36%         3
 Cause Fear               Hex            5%           50%         4
 Leda's Liquefaction      Hex/Erth       2%           77%         4


Dungeon Overview and Level Annotations

Branches:
Dungeon (2/15)

Altars:

Annotations:
D:2 Robin


Innate Abilities, Weirdness & Mutations

You are small and have problems with some larger weapons.
You are completely attuned to the shadows.


Message History

The goblin barely misses you.
You closely miss the goblin. The goblin closely misses you.
A goblin comes into view.
The goblin hits you but does no damage.
You closely miss the goblin. The goblin completely misses you.
The goblin closely misses you.
You hit the goblin. You burn the goblin.
You kill the goblin!
The goblin misses you.
A goblin comes into view. It is wielding a +0 club.
The goblin shouts!
You hit Robin. You burn Robin.
Robin is lightly wounded.
The goblin hits you with a cursed -2 club.
* * * LOW HITPOINT WARNING * * *
As you read the scroll labelled YCATEAJODD, it crumbles to dust.
It is a scroll of enchant armour.
Your +0 robe glows green for a moment.
Robin hits you but does no damage.
The goblin hits you with a cursed -2 club.
You die...

#...# #.### #.# #.#
##########.# .
.#####.......##.#
#........#####.##.#
#..####..#####.##.#
((gg@g......##.##.#
#..####..##.......#
#. .....#####.####
. ####.......#
#########


You could see Robin and 2 goblins.

Vanquished Creatures
  2 adders (D:2)
  An ooze (D:1)
  A dart slug (D:1)
  2 leopard geckos
  A giant cockroach (D:1)
  7 goblins
  4 hobgoblins
  4 jackals (D:1)
  3 kobolds (D:1)
  5 bats (D:1)
  2 rats (D:1)
32 creatures vanquished.

Notes
Turn   | Place    | Note
-------+----------+-------------------------------------------
     0 | D:1      | kreisler the Kobold Arcane Marksman began the quest for the
                  | Orb.
     0 | D:1      | Reached XP level 1. HP: 12/12 MP: 2/2
    59 | D:1      | Reached XP level 2. HP: 12/16 MP: 3/3
   355 | D:1      | Reached XP level 3. HP: 20/20 MP: 4/4
   906 | D:2      | Reached XP level 4. HP: 12/25 MP: 3/5
  1121 | D:2      | Noticed Robin
  1136 | D:2      | Slain by a goblin

Illustrated notes

Levels and vault maps discovered:
D:1:      giann_bridges, layout_basic
D:2:      cheibrodos_helix_gallery, layout_loops_cross, uniq_robin

Skill      XL: |  1  2  3 |
---------------+----------+-----
Dodging        | 3 |  3.1
Bows           | 3 |  3.1
Fighting       | |  1.1
Spellcasting   | |  1.2
Hexes          | |  3.6

Action                   |  1- 3 |  4- 6 || total
-------------------------+-------+-------++-------
Melee: Dagger            |       |     8 ||     8
 Fire: Shortbow          |    91 |     9 ||   100
 Cast: Corona            |     7 |       ||     7
  Use: Scroll            |     3 |     1 ||     4
       Potion            |     1 |       ||     1
Armor: Robe              |     8 |     2 ||    10
Dodge: Dodged            |    50 |    11 ||    61
